 Dungeon Crawl Stone Soup version 0.25.1-2-g60ff931df9 (webtiles) character file.

Game seed: 9138991813072474617

92780 protoss039 the Eclecticist (level 15, -1/117 HPs)
             Began as a Deep Elf Earth Elementalist on July 29, 2020.
             Was a High Priest of Sif Muna.
             Slain by a polar bear simulacrum (2 damage)
             ... in an ice cave on July 31, 2020.
             The game lasted 02:33:34 (36745 turns).

protoss039 the Eclecticist (DEEE)                  Turns: 36745, Time: 02:33:38

Health: -1/117     AC: 44    Str:  5    XL:     15   Next: 58%
Magic:  24/39      EV: 13    Int: 33    God:    Sif Muna [*****.]
Gold:   2611       SH:  8    Dex: 15    Spells: 11/51 levels left

rFire    . . .     SeeInvis .   I - +5 scimitar (protect)
rCold    . . .     Gourm    .   c - +3 buckler {AC+3}
rNeg     + + +     Faith    .   (armour currently unavailable)
rPois    ∞         Spirit   .   O - +1 helmet
rElec    +         Reflect  .   z - +2 cloak
rCorr    .         Harm     .   (gloves currently unavailable)
MR       ++...                  (boots currently unavailable)
Stlth    +++++.....             W - amulet "Hac Kun" {RegenMP *Contam rPois rN++ MR+}
HPRegen  0.29/turn              K - ring of Shadows {Umbra +Inv Stlth+}
MPRegen  0.51/turn              h - +6 ring of intelligence

@: statue-form, protection aura, very slightly contaminated, wreathed by umbra,
very slow
A: no striking features
a: End Transformation, Channel Magic, Forget Spell, Divine Exegesis, Renounce
Religion, Evoke Invisibility


You were in an ice cave.
You worshipped Sif Muna.
Sif Muna was extremely pleased with you.
You were not hungry.
You were a stone statue.
You visited 4 branches of the dungeon, and saw 24 of its levels.
You also visited: Ice Cave.

You collected 3361 gold pieces.
You spent 750 gold pieces at shops.

Inventory:

Hand Weapons
 I - a +5 scimitar of protection (weapon)
Missiles
 b - 320 stones (quivered)
Armour
 c - a +3 buckler of protection (worn)
 r - a +0 pair of gloves (melded)
 x - a +3 troll leather armour (melded) {Snorg}
 z - a +2 cloak (worn)
 M - +0 acid dragon scales
 O - a +1 helmet (worn)
Jewellery
 h - a +6 ring of intelligence (right hand)
 G - an uncursed ring of flight
 H - an uncursed ring of protection from fire
 K - the ring of Shadows (left hand) {Umbra +Inv Stlth+}
   (You found it on level 6 of the Lair of Beasts)

   [ring of stealth]

   It lets you turn invisible.
   It makes you more stealthy.
 V - an uncursed ring of wizardry
 W - the amulet "Hac Kun" (around neck) {RegenMP *Contam rPois rN++ MR+}
   (You found it on level 6 of the Lair of Beasts)

   [amulet of magic regeneration]

   It increases your magic regeneration.
   It protects you from poison.
   It greatly protects you from negative energy.
   It affects your resistance to hostile enchantments.
   It causes magical contamination when unequipped.
Wands
 f - a wand of paralysis (9)
 C - a wand of clouds (4)
 E - a wand of acid (13)
 N - a wand of polymorph (22)
 Q - a wand of disintegration (22)
 S - a wand of iceblast (9)
Scrolls
 e - 9 scrolls of remove curse
 g - a scroll of enchant armour
 l - 4 scrolls of teleportation
 u - 7 scrolls of enchant weapon
 w - 5 scrolls of amnesia
 y - 3 scrolls of fog
 F - 2 scrolls of fear
 P - 2 scrolls of blinking
 R - a scroll of summoning
Potions
 a - 5 potions of brilliance
 i - 4 potions of might
 j - 3 potions of heal wounds
 k - 4 potions of stabbing
 m - 2 potions of resistance
 n - a potion of magic {unknown}
 o - 5 potions of curing
 s - 5 potions of mutation
 t - 3 potions of ambrosia
 A - 2 potions of flight {unknown}
 B - a potion of berserk rage {unknown}
 D - 5 potions of cancellation
 J - a potion of lignification {unknown}
 L - a potion of invisibility
Miscellaneous
 p - a box of beasts
 v - a phantom mirror
Comestibles
 d - 33 rations
 q - 21 chunks of flesh


   Skills:
 * Level 9.1 Fighting
 - Level 1.0 Long Blades
 - Level 5.0 Armour
 - Level 3.0 Dodging
 - Level 3.0 Stealth
 - Level 4.0 Shields
 + Level 18.5 Spellcasting
 + Level 8.1 Conjurations
 * Level 5.0 Transmutations
 - Level 2.0 Fire Magic
 - Level 2.0 Air Magic
 + Level 15.1 Earth Magic
 - Level 2.0 Poison Magic
 * Level 11.5 Invocations


You had 11 spell levels left.
You knew the following spells:

 Your Spells              Type           Power        Failure   Level  Hunger
a - Sandblast             Erth           ######       0%          1    None
b - Passwall              Tmut/Erth      #######.     1%          2    None
c - Stone Arrow           Conj/Erth      ######       1%          3    None
d - Petrify               Tmut/Erth      #######.     1%          4    None
e - Lee's Rapid Deconstr  Erth           #######...   1%          5    None
f - Fireball              Conj/Fire      ######....   4%          5    None
g - Statue Form           Tmut/Erth      #######..    3%          6    None
h - Iron Shot             Conj/Erth      #######...   1%          6    None
i - Mephitic Cloud        Conj/Pois/Air  ######..     1%          3    None
j - Irradiate             Conj/Tmut      ######....   2%          5    None

Your spell library contained the following spells:

 Spells                   Type           Power        Failure   Level  Hunger
 Animate Skeleton         Necr           N/A          1%          1    None
 Apportation              Tloc           ####..       1%          1    None
 Beastly Appendage        Tmut           ######       1%          1    None
 Corona                   Hex            ####...      1%          1    None
 Foxfire                  Conj/Fire      ####         1%          1    None
 Magic Dart               Conj           ####         1%          1    None
 Summon Small Mammal      Summ           ####         1%          1    None
 Poisonous Vapours        Pois/Air       #####.       1%          2    None
 Searing Ray              Conj           ######       1%          2    None
 Sticks to Snakes         Tmut           ######..     1%          2    None
 Sublimation of Blood     Necr           ####......   1%          2    None
 Conjure Flame            Conj/Fire      ######..     1%          3    None
 Ignite Poison            Fire/Tmut/Pois ######..     1%          3    None
 Spider Form              Tmut/Pois      ######....   1%          3    None
 Leda's Liquefaction      Hex/Erth       ######....   1%          4    None
 Sticky Flame             Conj/Fire      ######..     1%          4    None
 Bolt of Magma            Conj/Fire/Erth ######....   1%          5    None
 Inner Flame              Hex/Fire       #####...     2%          3    None
 Fulminant Prism          Conj/Hex       ######....   2%          4    None
 Hailstorm                Conj/Ice       ######..     2%          4    None
 Iskenderun's Mystic Bla  Conj/Tloc      ######..     2%          4    None
 Confusing Touch          Hex            ####....     3%          3    None
 Gell's Gravitas          Tloc           ####......   3%          3    None
 Teleport Other           Tloc           ####....     3%          3    None
 Ice Form                 Ice/Tmut       #####...     4%          4    None
 Blade Hands              Tmut           ######....   4%          5    None
 Iskenderun's Battlesphe  Conj/Chrm      ######..     6%          5    None
 Alistair's Intoxication  Tmut/Pois      ######..     8%          5    None
 Yara's Violent Unravell  Hex/Tmut       #####.....   12%         5    None
 Metabolic Englaciation   Hex/Ice        ####......   32%         5    None
 Eringya's Noxious Bog    Tmut/Pois      ######....   41%         6    None
 Lehudib's Crystal Spear  Conj/Erth      #######...   54%         8    #####..


Dungeon Overview and Level Annotations

Branches:
Dungeon (15/15)            Temple (1/1) D:6            Lair (6/6) D:10
 Shoals (0/4) Lair:2        Snake (0/4) Lair:4        Slime (0/5) Lair:6
    Orc (2/2) D:11            Elf (0/3) Orc:2        Vaults (0/5) D:14
 Depths (0/5) D:15          IceCv (1/1)

Altars:
Ashenzari
Cheibriados
Dithmenos
Elyvilon
Fedhas
Gozag
Hepliaklqana
Kikubaaqudgha
Makhleb
Nemelex Xobeh
Okawaru
Qazlal
Ru
Sif Muna
Trog
Uskayaw
Vehumet
Wu Jian
Xom
Yredelemnul
Zin
The Shining One

Shops:
D:13 [   D:14 (   D:15 [   Orc:1 (

Annotations:
D:7 1 exclusion
D:8 1 exclusion
D:9 2 transporters, Mehrius's ghost, novice FeFE
D:11 3 exclusions, Frances
D:12 Jorgrun; Urug
D:13 3 exclusions
D:14 3 runed translucent doors, 2 exclusions, protoss039's ghost, journeyman SpEn
Lair:5 1 exclusion
Orc:1 1 runed translucent door, Setanta's ghost, journeyman GnFi


Message History

You block the alligator simulacrum's attack.
The alligator simulacrum tail-slaps you but does no damage.
You block the polar bear simulacrum's attack.
The polar bear simulacrum claws you but does no damage. x2
The alligator simulacrum bites you. The alligator simulacrum freezes you!!
The alligator simulacrum completely misses you.
Unknown command.
Casting: Statue Form (dangerous; 3% risk of failure)
Confirm with . or Enter, or press ? or * to list all spells.
Aiming: Iron Shot (dangerous; 1% risk of failure)
Press: ? - help, Shift-Dir - straight line, f - polar bear simulacrum
Aim: a polar bear simulacrum (umbra)
The iron shot misses the polar bear simulacrum.
The alligator simulacrum bites you!
* * * LOW HITPOINT WARNING * * *
The alligator simulacrum freezes you!!
* * * LOW HITPOINT WARNING * * *
The alligator simulacrum barely misses you.
The polar bear simulacrum bites you.
You die...

#...#
ZZ.##
#...#
##...##
##.....##
#...∩...#
#.......#
##.ZZ..##
##.8.##
#####


You could see an alligator simulacrum, a death yak simulacrum, a polar bear
simulacrum and a wolf spider simulacrum.

Vanquished Creatures
  Gastronok (Lair:3)
  An orc warlord (D:11)
  Louise (D:15)
  An ettin (D:14)
  Snorg (Lair:6)
  A fire dragon (Lair:6)
  Harold (D:7)
  A death knight (D:15)
  9 hydras
  3 centaur warriors (D:14)
  2 catoblepae
  6 two-headed ogres
  A queen ant (Lair:2)
  An orc high priest (Orc:1)
  A spriggan (Lair:5)
  A swamp dragon (Lair:6)
  2 skeletal warriors (D:15)
  2 orc knights
  A phantasmal warrior (D:15)
  2 wolf spider zombies (D:15)
  2 necromancers
  2 orc sorcerers
  2 ugly things
  4 oklob plants (Lair:3)
  A shadow dragon skeleton (D:15)
  A frost giant zombie (D:15)
  A fire giant zombie (D:15)
  4 cyclopes
  6 elephants
  A centaur zombie (D:13)
  3 manticores
  6 black mambas
  A gargoyle (D:10)
  10 spiny frogs
  5 rime drakes
  A freezing wraith (D:15)
  A yaktaur zombie (D:15)
  5 komodo dragons
  10 trolls
  5 yaktaurs (D:15)
  A queen bee (shapeshifter) (D:15)
  A hornet (Lair:5)
  Prince Ribbit (Lair:3)
  24 blink frogs
  A blink frog (shapeshifter) (D:14)
  5 slime creatures (D:15)
  A meliai zombie (D:15)
  11 dream sheep
  17 hippogriffs
  Sigmund (D:2)
  A water elemental (D:15)
  2 shadows
  12 wyverns
  Grum (D:8)
  31 yaks
  2 steam dragons
  9 basilisks
  3 hungry ghosts
  5 vampire mosquitoes
  Menkaure (D:7)
  5 acid dragons
  5 wargs
  8 soldier ants
  5 nagas (Lair:4)
  A floating eye (Lair:3)
  10 porcupines
  15 water moccasins
  5 ice beasts
  33 orc warriors
  5 sky beasts
  3 swamp drakes (Lair:6)
  2 black bears
  A hornet zombie (D:12)
  4 phantoms
  34 wolves
  6 necrophages (Lair:4)
  9 ogres
  8 centaurs
  13 crocodiles
  3 big kobolds
  23 bullfrogs
  A gnoll sergeant (D:8)
  A wyvern zombie (D:8)
  A wyvern skeleton (D:10)
  A water moccasin zombie (D:11)
  3 scorpions
  5 jellies
  22 killer bees
  13 wights
  2 electric eels (D:15)
  4 howler monkeys
  11 crimson imps
  2 bullfrog zombies (D:6)
  16 orc priests
  9 hounds
  3 bullfrog skeletons
  5 centaur skeletons
  Terence (D:3)
  4 iguanas
  38 orc wizards
  29 worker ants
  3 hound zombies
  2 hound skeletons
  2 worker ant zombies
  12 gnolls
  13 adders
  A howler monkey skeleton (D:11)
  4 shadow imps
  6 oozes
  3 adder skeletons
  2 dart slugs
  7 leopard geckos
  86 orcs
  3 ball pythons
  10 giant cockroaches
  6 goblins
  5 hobgoblins
  13 jackals
  18 kobolds
  7 quokkas
  5 bats
  5 frilled lizards
  A leopard gecko skeleton (D:6)
  A leopard gecko zombie (D:7)
  5 rats
  4 bushes (Lair:3)
  A fungus (Lair:4)
  12 plants
846 creatures vanquished.

Vanquished Creatures (others)
  A spriggan (D:11)
  A necrophage (D:11)
  A killer bee (D:11)
  2 orcs
  20 fungi
  17 plants
  8 withered plants (D:15)
50 creatures vanquished.

Grand Total: 896 creatures vanquished

Notes
Turn   | Place    | Note
-------+----------+-------------------------------------------
     0 | D:1      | protoss039 the Deep Elf Earth Elementalist began the quest
                  | for the Orb.
     0 | D:1      | Reached XP level 1. HP: 10/10 MP: 6/6
   858 | D:1      | Reached XP level 2. HP: 15/15 MP: 5/8
  2015 | D:1      | Learned a level 2 spell: Passwall
  2072 | D:2      | Reached XP level 3. HP: 19/19 MP: 7/10
  2165 | D:2      | Reached skill level 4 in Spellcasting
  2595 | D:2      | Noticed Sigmund
  2636 | D:2      | Reached XP level 4. HP: 18/24 MP: 9/12
  2649 | D:2      | Killed Sigmund
  2649 | D:2      | Reached skill level 5 in Spellcasting
  2649 | D:2      | Reached skill level 5 in Earth Magic
  2649 | D:2      | Reached XP level 5. HP: 19/28 MP: 4/15
  2658 | D:2      | Learned a level 3 spell: Stone Arrow
  2663 | D:2      | Learned a level 4 spell: Petrify
  2669 | D:2      | Learned a level 5 spell: Lee's Rapid Deconstruction
  2799 | D:2      | Reached skill level 6 in Spellcasting
  2799 | D:2      | Reached XP level 6. HP: 32/32 MP: 15/17
  3377 | D:3      | Noticed Terence
  3383 | D:3      | Killed Terence
  3504 | D:3      | Found a faded altar of an unknown god.
  4268 | D:4      | Reached skill level 7 in Spellcasting
  4459 | D:4      | Reached XP level 7. HP: 36/36 MP: 12/19
  4567 | D:4      | Reached skill level 1 in Conjurations
  5439 | D:5      | Entered Level 5 of the Dungeon
  5439 | D:5      | Found a hide-covered altar of Uskayaw.
  5439 | D:5      | Noticed a +0 dagger
  5439 | D:5      | Noticed a +0 hand axe
  5846 | D:5      | Learned a level 5 spell: Fireball
  5912 | D:6      | Found a staircase to the Ecumenical Temple.
  5918 | Temple   | Entered the Ecumenical Temple
  6176 | Temple   | Became a worshipper of Sif Muna the Loreminder
  6207 | D:6      | Reached skill level 8 in Spellcasting
  6222 | D:6      | Noticed a troll
  6333 | D:6      | Reached skill level 1 in Invocations
  6525 | D:6      | Found a glowing drain.
  6566 | D:6      | Reached skill level 1 in Fighting
  6566 | D:6      | Reached XP level 8. HP: 39/43 MP: 5/22
  6756 | D:6      | Killed a troll
  6756 | D:6      | Reached skill level 9 in Spellcasting
  7060 | D:7      | Reached * piety under Sif Muna
  7694 | D:7      | Reached XP level 9. HP: 49/49 MP: 19/24
  7696 | D:7      | Reached skill level 10 in Spellcasting
  8262 | D:7      | Noticed Menkaure
  8264 | D:7      | Killed Menkaure
  8371 | D:8      | Reached ** piety under Sif Muna
  8873 | D:8      | Noticed Grum
  8875 | D:8      | Reached skill level 11 in Spellcasting
  8881 | D:8      | Killed Grum
  9441 | D:8      | Reached XP level 10. HP: 56/56 MP: 20/27
  9444 | D:8      | Reached skill level 5 in Invocations
 10134 | D:8      | Noticed Harold
 10572 | D:7      | Killed Harold
 10572 | D:7      | Reached skill level 12 in Spellcasting
 10572 | D:7      | Reached skill level 10 in Earth Magic
 10971 | D:8      | Identified a scroll of acquirement
 10975 | D:8      | Acquired 1260 gold pieces
 11092 | D:9      | Reached skill level 1 in Long Blades
 11419 | D:9      | Reached *** piety under Sif Muna
 11559 | D:9      | Reached skill level 1 in Armour
 11563 | D:9      | Found a transporter.
 11571 | D:9      | Noticed Mehrius's ghost (novice FeFE)
 11663 | D:9      | Found a transporter.
 11931 | D:9      | Found a shattered altar of Ashenzari.
 12240 | D:10     | Entered Level 10 of the Dungeon
 12343 | D:10     | Noticed a gargoyle
 12344 | D:10     | Killed a gargoyle
 12422 | D:10     | Reached XP level 11. HP: 62/62 MP: 11/29
 12495 | D:10     | Noticed a two-headed ogre
 12565 | D:10     | Killed a two-headed ogre
 12565 | D:10     | Reached skill level 13 in Spellcasting
 12622 | D:10     | Reached **** piety under Sif Muna
 13409 | D:10     | Reached skill level 5 in Fighting
 13507 | D:10     | Found a staircase to the Lair.
 13732 | D:10     | Reached skill level 5 in Conjurations
 13941 | D:11     | Noticed a two-headed ogre
 14340 | D:11     | Noticed a two-headed ogre
 14352 | D:11     | Killed a two-headed ogre
 14945 | D:11     | Noticed a two-headed ogre
 14962 | D:11     | Killed a two-headed ogre
 14962 | D:11     | Reached skill level 14 in Spellcasting
 15140 | D:11     | Noticed a four-headed hydra
 15145 | D:11     | Killed a four-headed hydra
 15291 | D:11     | Found a staircase to the Orcish Mines.
 15572 | D:11     | Killed a two-headed ogre
 15859 | D:12     | Noticed a two-headed ogre
 15867 | D:12     | Noticed a white ugly thing
 16019 | D:12     | Noticed Frances
 16216 | Lair:1   | Entered Level 1 of the Lair of Beasts
 16235 | Lair:1   | Reached XP level 12. HP: 39/68 MP: 13/32
 16568 | Lair:1   | Reached ***** piety under Sif Muna
 16568 | Lair:1   | Identified Niarezoz's Incunabulum of Poisoning (Sif Muna
                  | gifted it to you on level 1 of the Lair of Beasts)
 16568 | Lair:1   | Received a gift from Sif Muna
 16575 | Lair:1   | Learned a level 3 spell: Mephitic Cloud
 16817 | Lair:1   | Reached skill level 1 in Poison Magic
 17102 | Lair:1   | Reached skill level 1 in Air Magic
 17755 | Lair:2   | Found a staircase to the Shoals.
 17962 | Lair:2   | Noticed a four-headed hydra
 17966 | Lair:2   | Killed a four-headed hydra
 17975 | Lair:2   | Reached skill level 15 in Spellcasting
 19024 | Lair:2   | Noticed a queen ant
 19070 | Lair:2   | Killed a queen ant
 19844 | D:12     | Noticed an eight-headed hydra
 19854 | D:13     | Found Pimp's Antique Armour Shoppe.
 19895 | D:13     | Bought a runed buckler for 240 gold pieces
 19895 | D:13     | Bought a shiny helmet for 240 gold pieces
 20709 | D:13     | Noticed a catoblepas
 20954 | D:13     | Noticed a four-headed hydra
 20957 | D:13     | Killed a four-headed hydra
 20957 | D:13     | Reached skill level 1 in Shields
 20964 | D:13     | Reached XP level 13. HP: 74/75 MP: 6/34
 21566 | D:13     | Reached skill level 5 in Armour
 21712 | D:14     | Found Ufui's Weapon Emporium.
 21896 | D:14     | Reached skill level 16 in Spellcasting
 22517 | D:14     | Found a runed translucent gate.
 22518 | D:14     | Found a runed translucent gate.
 22519 | D:14     | Found a runed translucent gate.
 22519 | D:14     | Noticed protoss039's ghost (journeyman SpEn)
 22532 | D:14     | Found a sparkling altar of Nemelex Xobeh.
 22558 | D:14     | Paralysed by a hornet for 2 turns
 23408 | D:14     | Noticed an ettin
 23421 | D:14     | Killed an ettin
 23568 | D:14     | Found a gate to the Vaults.
 23624 | D:15     | Entered Level 15 of the Dungeon
 23879 | D:15     | Identified Fiyler's Almanac of Displaced Arcane Weapons
                  | (Sif Muna gifted it to you on level 15 of the Dungeon)
 23879 | D:15     | Received a gift from Sif Muna
 23952 | D:14     | Learned a level 6 spell: Iron Shot
 24085 | D:15     | Found Puwohusm's Antique Armour Shop.
 24093 | D:15     | Bought a glowing cloak for 270 gold pieces
 24116 | D:15     | Reached skill level 1 in Fire Magic
 24435 | D:15     | Noticed Louise
 24639 | D:15     | Reached skill level 10 in Invocations
 25265 | D:15     | Found a staircase to the Depths.
 25282 | D:15     | Reached XP level 14. HP: 81/82 MP: 22/36
 26483 | D:15     | Killed Louise
 26483 | D:15     | Reached skill level 17 in Spellcasting
 26788 | D:12     | Noticed Urug
 27578 | D:12     | Noticed Jorgrun
 27818 | Lair:3   | Noticed Prince Ribbit
 27827 | Lair:2   | Identified Sif Muna's Handbook of Combat Magic and Moulding
                  | (Sif Muna gifted it to you on level 2 of the Lair of
                  | Beasts)
 27827 | Lair:2   | Received a gift from Sif Muna
 27836 | Lair:2   | Learned a level 6 spell: Statue Form
 27950 | Lair:3   | Noticed Gastronok
 28345 | Lair:3   | Killed Prince Ribbit
 28748 | Lair:3   | Killed Gastronok
 30309 | Lair:4   | You fall into a shaft and drop 2 floors!
 30309 | Lair:6   | Entered Level 6 of the Lair of Beasts
 30698 | Lair:6   | Received a gift from Sif Muna
 30800 | Lair:6   | Noticed Snorg
 31335 | Lair:4   | Found a staircase to the Snake Pit.
 31506 | Lair:4   | Reached XP level 15. HP: 89/89 MP: 25/38
 32933 | Lair:6   | Reached skill level 18 in Spellcasting
 33729 | Lair:6   | Found the ring of Shadows {Umbra +Inv Stlth+}
 34587 | Lair:6   | Found a staircase to the Slime Pits.
 34955 | Lair:6   | Reached skill level 15 in Earth Magic
 35150 | Lair:6   | Got a faintly glowing bone amulet
 35302 | Lair:6   | Killed Snorg
 35381 | Lair:6   | Identified the amulet "Hac Kun" {RegenMP *Contam rPois rN++
                  | MR+} (You found it on level 6 of the Lair of Beasts)
 35696 | Orc:1    | Entered Level 1 of the Orcish Mines
 35706 | Orc:1    | Noticed an orc warlord
 35721 | D:11     | Identified Sif Muna's Disquisition on Dusty Good Luck (Sif
                  | Muna gifted it to you on level 11 of the Dungeon)
 35721 | D:11     | Received a gift from Sif Muna
 35730 | D:11     | Learned a level 5 spell: Irradiate
 35809 | D:11     | Killed an orc warlord
 35993 | Orc:1    | Found Souxaqy's Weapon Shop.
 36071 | Orc:1    | Found a runed translucent door.
 36076 | Orc:1    | Noticed Setanta's ghost (journeyman GnFi)
 36556 | Orc:2    | Entered Level 2 of the Orcish Mines
 36556 | Orc:2    | Found a staircase to the Elven Halls.
 36556 | Orc:2    | Found a frozen archway.
 36672 | Orc:2    | Reached skill level 5 in Transmutations
 36724 | IceCv    | Entered an ice cave
 36745 | IceCv    | HP: 1/117 [alligator simulacrum (31)]
 36745 | IceCv    | Slain by a polar bear simulacrum

Illustrated notes

Levels and vault maps discovered:
D:1:      minmay_arrival_arboretum_small, layout_basic
D:2:      layout_loops_cross, uniq_sigmund
D:3:      layout_basic, chequers_ecumenical_altar_simple_redux, uniq_terence
D:4:      layout_loops_ring
D:5:      layout_cave_pools, dancing_weapons_uskayaw, first_ration,
          lemuel_flamethrower_2
D:6:      layout_rooms, minmay_temple_entry_purple_smoke, portal_sewer_entry_f
D:7:      layout_cave_pools, chequers_garden, minmay_unpleasant_kobolds,
          uniq_menkaure
D:8:      layout_gridville, uniq_grum, uniq_harold
D:9:      layout_cave_pools, lemuel_doored_altar, gammafunk_ghost_stat_death
D:10:     layout_roguey, erik_lair_dragon
D:11:     layout_irregular_city, david_orc_4, hangedman_stone_soup,
          grunt_decor_one_mirror
D:12:     layout_rooms, serial_bayou_pond_b, uniq_jorgrun, uniq_frances,
          uniq_urug
D:13:     layout_roguey, serial_shops, shop
D:14:     layout_roguey [special_room_mythical_zoo], david_vaults_4,
          nemelex_xobeh_ov_fountains_minmay, gammafunk_ghost_hydra_chop,
          serial_shops, nicolae_shop_stone
D:15:     gammafunk_depths_entry_grave, layout_loops_corners,
          serial_bayou_shore_a, serial_shops, nicolae_shop_behind_doors,
          drop_trap, grunt_decor_cap, uniq_louise
Temple:   regret_index_temple_chain_breaker
Lair:1:   layout_gridlike, beast_lair_carwin_9
Lair:2:   layout_chaotic_city, elwin_shoals_entry_rocks,
          grunt_forest_stairs_basic, zaba_antful_of_joy
Lair:3:   layout_misc_corridors, disabler_island, uniq_prince_ribbit2,
          uniq_gastronok
Lair:4:   layout_long_grid, minmay_snake_entry_guardpost_medium,
          roderic_carrion_pond
Lair:5:   layout_gridlike, st_stairs_11, grunt_forest_large_clearings
Lair:6:   guppyfry_lair_end_dragon, layout_regular_city,
          nicolae_slime_entry_slimehenge, uniq_snorg
Orc:1:    layout_caves, ebering_ghost_inner_flame, serial_shops,
          nicolae_shop_temple_entry_statues_fountains
Orc:2:    st_orc_mages, layout_caves, portal_ice_cave_entry_pillars_1,
          minmay_orc_treasury
IceCv:    ice_cave_small_necro

Skill      XL: |  1  2  3  4  5  6  7  8  9 10 11 12 13 14 15 |
---------------+----------------------------------------------+-----
Stealth        | 3 |  3.0
Dodging        | 3 |  3.0
Earth Magic    | 4 5 6 7 8 9 10 11 12 13 14 15 | 15.1
Spellcasting   | 4 5 6 7 8 9 11 12 14 15 16 17 18 | 18.5
Conjurations   | 1 2 4 5 6 7 8 |  8.1
Invocations    | 1 3 4 6 7 9 10 11 | 11.5
Fighting       | 1 2 3 4 5 6 7 8 9 |  9.1
Long Blades    | 1 |  1.0
Armour         | 1 3 4 5 |  5.0
Poison Magic   | 1 2 |  2.0
Air Magic      | 1 2 |  2.0
Shields        | 1 4 |  4.0
Transmutations | 2 4 5 |  5.0
Fire Magic     | 1 2 |  2.0

Action                   |  1- 3 |  4- 6 |  7- 9 | 10-12 | 13-15 || total
-------------------------+-------+-------+-------+-------+-------++-------
Melee: Whip              |    47 |       |       |       |       ||    47
       Spear             |    55 |       |       |       |       ||    55
       Dagger            |    21 |    66 |    28 |       |       ||   115
       Scimitar          |       |       |       |    56 |   146 ||   202
 Cast: Sandblast         |    29 |    32 |    80 |    84 |   168 ||   393
       Passwall          |     2 |       |     1 |       |       ||     3
       Stone Arrow       |       |    11 |    98 |   271 |   199 ||   579
       Lee's Rapid Decon |       |       |     8 |   106 |   139 ||   253
       Petrify           |       |       |     1 |     8 |    27 ||    36
       Mephitic Cloud    |       |       |       |     1 |    35 ||    36
       Iron Shot         |       |       |       |       |   138 ||   138
       Fireball          |       |       |       |       |    30 ||    30
       Statue Form       |       |       |       |       |     8 ||     8
       Irradiate         |       |       |       |       |     7 ||     7
Invok: Channel Magic     |       |       |       |     1 |     2 ||     3
 Abil: End Transformatio |       |       |       |       |     6 ||     6
       Evoke Flight      |       |       |       |       |     3 ||     3
  Use: Scroll            |       |     6 |     9 |    15 |    17 ||    47
       Potion            |       |       |     1 |       |     5 ||     6
 Stab: Sleeping          |     8 |     7 |     1 |     2 |       ||    18
       Confused          |       |       |       |     1 |     2 ||     3
  Eat: Chunk             |     5 |     6 |     8 |    40 |    42 ||   101
       Ration            |       |       |     3 |       |     4 ||     7
Armor: Robe              |    26 |    12 |    12 |     3 |       ||    53
       Troll leather arm |       |       |       |    51 |   118 ||   169
       Skin              |       |       |       |       |    84 ||    84
Dodge: Dodged            |   103 |    48 |    45 |   167 |   315 ||   678
Block: Buckler           |       |       |       |     1 |   186 ||   187
       Rpst.: Scimitar   |       |       |       |    36 |    75 ||   111
